 Dungeon Crawl Stone Soup version 0.21.0-24-g2553a33 (webtiles) character file.

156 Firecrotchwizard the Sneak (level 5, -3/26 HPs)
             Began as a Vine Stalker Assassin on Jan 20, 2018.
             Slain by a scorpion (6 damage)
             ... on level 4 of the Dungeon.
             The game lasted 00:07:36 (3106 turns).

Firecrotchwizard the Sneak (Vine Stalker Assassin)  Turns: 3106, Time: 00:07:36

Health: -3/26      AC:  5    Str: 14    XL:     5   Next: 37%
Magic:  0/6        EV: 11    Int: 11    God:
Gold:   194        SH:  0    Dex: 16    Spells: 4/4 levels left

rFire    . . .     SeeInvis .   a - +2 dagger
rCold    . . .     Gourm    .   (no shield)
rNeg     . . .     Faith    .   m - +0 leather armour
rPois    .         Spirit   +   l - +0 helmet
rElec    .         Reflect  .   d - +0 cloak
rCorr    .         Harm     .   (no gloves)
MR       .....                  (no boots)
Stlth    +++.......             (no amulet)
HPRegen  0.48/turn              k - ring of flight {+Fly, !d}
MPRegen  0.10/turn              (no ring)

@: no status effects
A: fangs 2, regeneration 1, magic shield, antimagic bite, no potion heal 3, rot
immunity
a: Evoke Flight


You were on level 4 of the Dungeon.
You were hungry.

You visited 1 branch of the dungeon, and saw 4 of its levels.

You collected 194 gold pieces.

Inventory:

Hand Weapons
 a - a +2 dagger (weapon)
 b - a +0 blowgun
Missiles
 e - 8 poisoned needles
 f - 2 curare-tipped needles
Armour
 c - a +0 robe
 d - a +0 cloak (worn)
 i - a +0 scale mail
   (You found it on level 1 of the Dungeon)
 l - a +0 helmet (worn)
   (You found it on level 1 of the Dungeon)
 m - a +0 leather armour (worn)
   (You found it on level 1 of the Dungeon)
Jewellery
 k - a ring of flight (left hand) {+Fly, !d}
   (You found it on level 1 of the Dungeon)
Scrolls
 h - a scroll of random uselessness {unknown}
 o - 2 scrolls of remove curse {unknown}
 s - 5 scrolls of identify {unknown}
 t - a scroll of enchant armour {unknown}
 v - a scroll of fear {unknown}
Potions
 j - 3 potions of heal wounds {unknown}
 p - a potion of curing {unknown}
 q - a potion of lignification {unknown}
 r - 2 potions of flight {unknown}
 u - a potion of ambrosia {unknown}
 w - a potion of cancellation {unknown}
Comestibles
 g - 6 rations {@e1}


   Skills:
 - Level 1.7 Fighting
 * Level 4.1 Short Blades
 - Level 1.7 Throwing
 - Level 0.7 Dodging
 + Level 6.1 Stealth


You had 4 spell levels left.
You didn't know any spells.

Dungeon Overview and Level Annotations

Branches:
Dungeon (3/15)

Altars:
Cheibriados
Gozag
Qazlal
Trog
Wu Jian

Annotations:
D:4 1 transporter


Innate Abilities, Weirdness & Mutations

You have extremely sharp teeth.
Your natural rate of healing is unusually fast.
When hurt, damage is shared between your health and your magic reserves.
Your bite disrupts and absorbs the magic of your enemies.
Potions cannot restore your health.
You are immune to rotting.


Message History

A kobold comes into view.
The kobold moves out of view.
A kobold is nearby!
No target in view!
No target in view!
The kobold is too close now for your liking.
You catch the helpless kobold completely off-guard!
You impale the kobold!!
You kill the kobold!
No target in view!
You open the door.
Found a bloodstained altar of Trog.
There is an open door here.
There is an open door here.
There is an escape hatch in the floor here.
You now have 194 gold pieces (gained 14).
You see here a shortbow.
You see here a shortbow.
All of the chunks of flesh in your inventory have rotted away.
You are feeling hungry.
You may need something to eat soon, looking for food.
Can't find anything matching that.
Okay, then.
You see here a club.
You fall through a shaft!
The shaft crumbles and collapses.
A leopard gecko and a scorpion come into view.
Found a scroll labeled ATWURGH ZIOFIAJ, 37 gold pieces and a scale mail.
Found an opulent altar of Gozag.
A gnoll comes into view. It is wielding a whip.
A worker ant comes into view.
An orc comes into view. It is wielding a flail.
A gnoll comes into view. It is wielding a club.
A dart slug comes into view.
The gnoll hits you with a club.
A gnoll comes into view. It is wielding a flail.
You take 3 damage, and have 23/26 hp.
The gnoll shouts!
You hit the gnoll. You bite the gnoll, but do no damage.
The gnoll hits you but does no damage.
You closely miss the gnoll.
The gnoll moves out of view.
The dart slug moves out of view.
Health restored: 26 An orc comes into view.
The gnoll hits you but does no damage.
You barely miss the gnoll. The gnoll hits you with a club.
You take 5 damage, and have 21/26 hp.
You now have 5/6 mp.
You hit the gnoll. You hit the gnoll. You bite the gnoll. You drain its power.
You feel invigorated. The gnoll misses you.
MP restored: 6
Okay, then.
You hit the gnoll. The gnoll completely misses you.
You hit the gnoll. You bite the gnoll. You drain its power.
You kill the gnoll!
The gnoll barely misses you.
You hit the gnoll. You bite the gnoll, but do no damage.
The orc shouts!
You hear an angry hiss.
The gnoll hits you but does no damage.
You hit the gnoll. You bite the gnoll. You drain its power.
You kill the gnoll!
You hit the gnoll. You bite the gnoll. You drain its power.
The gnoll hits you with a flail!
You take 8 damage, and have 15/26 hp.
MASSIVE DAMAGE!!
You now have 4/6 mp.
You closely miss the gnoll. You bite the gnoll, but do no damage.
The gnoll closely misses you.
You barely miss the gnoll. You closely miss the gnoll.
The leopard gecko hisses angrily.
Your bite misses the gnoll. The gnoll closely misses you.
The orc barely misses you.
You hit the orc.
You kill the orc!
The gnoll hits you with a flail.
You take 3 damage, and have 13/26 hp.
You now have 3/6 mp.
You hit the scorpion.
You bite the scorpion, but do no damage.
The scorpion stings you but does no damage.
You hit the scorpion. The gnoll hits you with a flail.
You take 3 damage, and have 10/26 hp.
You now have 2/6 mp.
You hit the scorpion but do no damage. You bite the scorpion.
You drain its power.
You feel invigorated. The leopard gecko barely misses you.
The scorpion stings you but does no damage.
The gnoll closely misses you.
You regained 3 mp, and now have 5/6 mp.
You hit the scorpion but do no damage.
You bite the scorpion, but do no damage.
The leopard gecko closely misses you.
The scorpion stings you but does no damage.
You barely miss the scorpion.
The leopard gecko completely misses you.
The gnoll hits you but does no damage. The scorpion barely misses you.
You hit the scorpion but do no damage.
The leopard gecko bites you but does no damage.
The gnoll hits you with a flail!
* * * LOW HITPOINT WARNING * * *
The scorpion stings you!
You die...

#######..#.##.#.....
#.............#.#..©
#........#.#..#..#..
#.............#.o...
#..........#..#..#.
#.............#.#.Y.
#####.........#..?$$
####g###..##8$._
#@s# #.[.#####
#....[l$##.......©
#.............l...
#.................
#####$.#####.. ...#
. ...# ....#


You could see a scorpion, a gnoll and a leopard gecko.

Vanquished Creatures
  Terence (D:2)
  2 gnolls (D:4)
  4 adders
  An ooze (D:1)
  2 worms (D:2)
  A dart slug (D:1)
  3 leopard geckos
  2 orcs
  5 bats
  A giant cockroach (D:1)
  8 goblins
  6 hobgoblins
  2 ball pythons
  4 frilled lizards
  9 kobolds
  10 rats
61 creatures vanquished.

Notes
Turn   | Place    | Note
-------+----------+-------------------------------------------
     0 | D:1      | Firecrotchwizard the Vine Stalker Assassin began the quest for the Orb.
     0 | D:1      | Reached XP level 1. HP: 11/11 MP: 2/2
   170 | D:1      | Reached skill level 2 in Short Blades
   181 | D:1      | Reached skill level 5 in Stealth
   244 | D:1      | Reached XP level 2. HP: 7/15 MP: 3/3
   885 | D:1      | Reached XP level 3. HP: 18/18 MP: 4/4
  1405 | D:2      | Noticed Terence
  1533 | D:2      | Reached skill level 3 in Short Blades
  1839 | D:2      | Gained mutation: Your natural rate of healing is unusually fast. [Vine Stalker growth]
  1839 | D:2      | Reached XP level 4. HP: 23/23 MP: 5/5
  1914 | D:2      | Killed Terence
  2026 | D:2      | Found an ornate altar of the Wu Jian Council.
  2385 | D:3      | Found a stormy altar of Qazlal.
  2405 | D:3      | Reached XP level 5. HP: 26/26 MP: 6/6
  2465 | D:3      | Reached skill level 6 in Stealth
  2511 | D:3      | Reached skill level 4 in Short Blades
  2528 | D:3      | Found a snail-covered altar of Cheibriados.
  2808 | D:3      | Found a bloodstained altar of Trog.
  3049 | D:3      | You fall through a shaft!
  3049 | D:4      | Found an opulent altar of Gozag.
  3049 | D:4      | Found a transporter.
  3049 | D:4      | Noticed a sky beast
  3106 | D:4      | HP: 3/26 [gnoll/flail (8)]
  3106 | D:4      | Slain by a scorpion

Skill      XL: |  1  2  3  4  5 |
---------------+----------------+-----
Short Blades   | 2 3 4 |  4.1
Stealth        | 5 6 |  6.1
Fighting       | |  1.7
Throwing       | |  1.7
Dodging        | |  0.7

Action                   |  1- 3 |  4- 6 || total
-------------------------+-------+-------++-------
Melee: Dagger            |    82 |    97 ||   179
       Bite              |    19 |    29 ||    48
 Stab: Sleeping          |     9 |     6 ||    15
       Distracted        |       |     1 ||     1
  Eat: Chunk             |     3 |     3 ||     6
Armor: Robe              |     5 |       ||     5
       Leather armour    |    12 |    20 ||    32
Dodge: Dodged            |    34 |    49 ||    83

Vault maps used:
D:1:      dpeg_arrival_prison
D:2:      cheibrodos_helix_gallery, lemuel_coloured_pillars_altar, first_ration,
          uniq_terence
D:3:      lightli_temple_of_fire, lemuel_doored_altar,
          nicolae_qazlal_general_emergency, minmay_crystal_water,
          dk_noncrumbling_3
D:4:      gammafunk_temple_overflow_arena, minmay_temple_entry_statues_pillars,
          serial_shops, kennysheep_little_box

Table legend:
 A = Turns spent in this place as a percentage of turns spent in the entire game.
 B = Non-inter-level travel turns spent in this place as a percentage of non-inter-level travel turns spent in the entire game.
 C = Inter-level travel turns spent in this place as a percentage of turns spent in this place.
 D = Turns resting spent in this place as a percentage of non-inter-level travel turns spent in this place.
 E = Turns spent auto-exploring this place as a percentage of non-inter-level travel turns spent in this place.
 F = Non-inter-level travel turns spent in this place divided by the number of levels of this place that you've seen.
                   A       B       C       D       E      F
               +-------+-------+-------+-------+-------+----------------------
         Total | 100.0 | 100.0 |   5.3 |  24.9 |  54.7 | 735.5
       Dungeon | 100.0 | 100.0 |   5.3 |  24.9 |  54.7 | 735.5
               +-------+-------+-------+-------+-------+----------------------

Table legend:
 A = Kills in this place as a percentage of kills in entire the game.
 B = Kills by you in this place as a percentage of kills by you in the entire game.
 C = Kills by friends in this place as a percentage of kills by friends in the entire game.
 D = Other kills in this place as a percentage of other kills in the entire game.
 E = Experience gained in this place as a percentage of experience gained in the entire game.
 F = Experience gained in this place divided by the number of levels of this place that you have seen.
                   A       B       C       D       E      F
               +-------+-------+-------+-------+-------+----------------------
         Total | 100.0 | 100.0 |   N/A |   N/A | 100.0 |  55.8
       Dungeon | 100.0 | 100.0 |   N/A |   N/A | 100.0 |  55.8
               +-------+-------+-------+-------+-------+----------------------
